AoeStats
← Taskyr

Golden Pit

508762656Analyzed
1v1 RM · 9d ago on Sep 23, 2026· 48m 0s· 2 players
Game mode
Random Map
Map size
Tiny (2 player)
Population
200
Speed
Normal
Resources
Standard
Victory
Conquest
Starting age
Dark Age
Ending age
Imperial Age
RankedLock teamsTeams togetherTeam positionsShared explorationLock speedFull tech treeHidden civsTurbo modeCheats
Victory
Defeat
🇲🇽 Bulgarians · Mexico
745
+15
🇺🇸 Byzantines · United States
713
-21
Taskyr
7:14 Loom
11:14 Feudal Age
11:44 Horse Collar
12:05 Double-Bit Axe
17:22 Wheelbarrow
18:38 Scale Barding Armor
22:54 Castle Age
23:19 Forging
23:10 Scale Mail Armor
23:12 Pikeman
24:08 Bow Saw
24:05 Heavy Plow
24:24 Squires
24:11 Arson
24:51 Elite Skirmisher
26:23 Stone Mining
27:23 Thumb Ring
27:13 Fletching
28:58 Hand Cart
29:19 Scale Barding Armor
29:17 Padded Archer Armor
33:22 Imperial Age
32:18 Arson
35:37 Man-at-Arms
36:24 Long Swordsman
37:26 Chain Barding Armor
39:01 Hoardings
40:42 Devotion
40:38 Two-Handed Swordsman
41:35 Bodkin Arrow
42:01 Chain Mail Armor
42:26 Plate Barding Armor
arturo.lima.182
3:39 Loom
11:40 Feudal Age
16:11 Horse Collar
21:01 Castle Age
21:53 Forging
21:49 Scale Mail Armor
24:31 Double-Bit Axe
26:46 Wheelbarrow
31:20 Imperial Age
33:57 Pikeman
34:36 Halberdier
41:44 Murder Holes
Connection lost

Rejoining the realm…

Still unreachable

The connection could not be restored.

Session expired

The server has moved on; the page needs a fresh start.